 Dungeon Crawl Stone Soup version 0.13-a0-2527-g93fcdc4 (webtiles) character file.

275 Rycklaryybbe the Changer (level 4, -1/35 HPs)
             Began as a Demigod Transmuter on July 25, 2013.
             Slain by an orc
             ... wielding a -1,+0 orcish war axe
              (6 damage)
             ... on Level 3 of the Dungeon.
             The game lasted 00:07:48 (2832 turns).

Rycklaryybbe the Changer (Demigod Transmuter)       Turns: 2832, Time: 00:07:48

HP  -1/35        AC  3     Str 14      XL: 4   Next: 74%
MP   6/9         EV 12     Int 18      God:
Gold 133         SH  0     Dex 17      Spells:  2 memorised,  2 levels left

Res.Fire  : x . .   See Invis. : .     - Unarmed
Res.Cold  : + . .   Warding    : .   A - +0 elf robe
Life Prot.: . . .   Conserve   : .   (no shield)
Res.Poison: .       Res.Corr.  : .   (no helmet)
Res.Elec. : .       Clarity    : .   (no cloak)
Sust.Abil.: . .     Spirit.Shd : .   n - +0 pair of gauntlets
Res.Mut.  : .       Stasis     : .   (no boots)
Res.Rott. : .       Flight     : .   (no amulet)
Saprovore : . . .                    w - cursed ring of hunger
                                     t - ring of ice

@: mildly poisoned, very slightly contaminated, slightly resistant to hostile
enchantments, unstealthy
A: no striking features
a: no special abilities


You were on level 3 of the Dungeon.
You were very hungry.

You visited 1 branch of the dungeon, and saw 3 of its levels.

You collected 113 gold pieces.

Inventory:

Hand weapons
 x - a +1,+2 whip of electrocution
Missiles
 b - 34 arrows
 e - 24 darts (quivered)
Armour
 c - a +0 robe
 n - a +0 pair of gauntlets (worn)
 z - a +0 orcish robe
 A - a +0 elven robe (worn)
Magical devices
 j - a wand of fire (6) {unknown}
Comestibles
 a - 2 bread rations
 f - a pear
Scrolls
 g - 7 scrolls of identify {unknown}
 k - a scroll of magic mapping {unknown}
 m - a scroll of curse weapon {unknown}
 o - a scroll of noise {unknown}
 p - a scroll of curse jewellery {unknown}
 q - a scroll of teleportation {unknown}
 s - a scroll of remove curse {unknown}
 u - a scroll of enchant weapon II {unknown}
 y - a scroll of enchant weapon I {unknown}
Jewellery
 t - a ring of ice (left hand)
 w - a cursed ring of hunger (right hand)
Potions
 h - 2 potions of heal wounds {unknown}
 i - 2 potions of curing {unknown}
 l - a potion of restore abilities {unknown}
 r - a potion of might {unknown}
Books
 d - a book of Changes

   Spells                             Type                      Level
   *Beastly Appendage                 Transmutation                1
   Sticks to Snakes                   Transmutation                2
   *Spider Form                       Transmutation/Poison         3
   Ice Form                           Ice/Transmutation            4
   Blade Hands                        Transmutation                5


   Skills:
 - Level 0.8 Fighting
 - Level 1.7 Dodging
 + Level 3.5 Unarmed Combat
 - Level 1.7 Spellcasting
 - Level 4.1 Transmutations


You had 2 spell levels left.
You knew the following spells:

 Your Spells              Type           Power        Failure   Level  Hunger
a - Beastly Appendage     Trmt           ###...       3%          1    #......
b - Spider Form           Trmt/Pois      #.........   24%         3    ####...


Dungeon Overview and Level Annotations

Branches:
Dungeon (3/27)


Message History

Drink which item? (? for menu, Esc to quit)
Okay, then.
You miss the orc wizard.
The orc wizard hits you with a glowing orcish dagger.
You are poisoned.
The orc hits you but does no damage.
The orc wizard's eyes start to glow.
Unknown command.
Casting: Beastly Appendage
Confirm with . or Enter, or press ? or * to list all spells.
You miscast Spider Form.
You are very lightly contaminated with residual magic.
You feel faint for a moment.
Your horns disappear.
* * * LOW HITPOINT WARNING * * *
You feel sick. The orc hits you with an orcish flail.
* * * LOW HITPOINT WARNING * * *
The orc wizard misses you.
The orc hits you with an orcish war axe.
You die...

...######.## #.#
............ ..#
........(..# #.#
...........# #.######
...........# #........
...........# #........
.....%.....# #........
...........#####.........
.......[.......o@o.......
#########.######o.>......
#.# #........ #.#
#........ #.# #........
#.# #....... #.# #......
#.# #..... ### ###


You could see an orc wizard and 2 orcs.

Vanquished Creatures
  An orc priest (D:3)
  3 gnolls (D:2)
  3 adders
  A giant gecko (D:2)
  An orc (D:3)
  A ball python (D:1)
  11 bats
  2 giant cockroaches (D:1)
  5 goblins
  5 hobgoblins
  4 jackals (D:2)
  2 giant newts (D:1)
  11 kobolds
  7 rats
57 creatures vanquished.

Notes
Turn   | Place    | Note
--------------------------------------------------------------
     0 | D:1      | Rycklaryybbe, the Demigod Transmuter, began the quest for the Orb.
     0 | D:1      | Reached XP level 1. HP: 16/16 MP: 3/3
   242 | D:1      | Reached XP level 2. HP: 14/23 MP: 4/4
   928 | D:1      | Reached skill level 3 in Transmutations
  1263 | D:2      | Reached XP level 3. HP: 23/28 MP: 5/7
  1372 | D:2      | Learned a level 3 spell: Spider Form
  2215 | D:2      | Found a white marble altar of Elyvilon.
  2232 | D:2      | Reached skill level 4 in Transmutations
  2232 | D:2      | Reached XP level 4. HP: 35/35 MP: 5/9
  2832 | D:3      | Slain by an orc

Action                   |  1- 3 |  4- 6 || total
-------------------------+-------+-------++-------
Melee: Unarmed           |   143 |    14 ||   157
       Whip              |       |    35 ||    35
 Cast: Beastly Appendage |    25 |     1 ||    26
       Spider Form       |     2 |       ||     2
 Stab: Sleeping          |     2 |     1 ||     3
